 Dungeon Crawl Stone Soup version 0.23.0 (webtiles) character file.

Game seed: 13063016718784474510

449680 kirsanium the Wrestler (level 24, -5/216 HPs)
             Began as a Ghoul Gladiator on Feb 15, 2019.
             Was the Champion of Makhleb.
             Killed from afar by a red draconian annihilator (illusionary) (26 damage)
             ... with a bolt of lightning
             ... on level 5 of the Depths on Feb 16, 2019.
             The game lasted 01:52:37 (53246 turns).

kirsanium the Wrestler (Ghoul Gladiator)           Turns: 53246, Time: 01:52:39

Health: -5/216     AC: 24    Str: 38    XL:     24   Next: 27%
Magic:  0/22       EV: 14    Int:  6    God:    Makhleb [******]
Gold:   6024       SH: 18    Dex: 13    Spells: 23/23 levels left

rFire    + . .     SeeInvis .     - Unarmed
rCold    + . .     Gourm    .   Q - +0 shield of Uskayaw's Condemnation {Str+3 Dex+3}
rNeg     + + +     Faith    .   z - +0 chain mail {rF+}
rPois    ∞         Spirit   +   R - +2 helmet {Int+3}
rElec    .         Reflect  .   X - +1 cloak of Shadows and Fog {MR+}
rCorr    .         Harm     .   (no gloves)
MR       ++...                  K - +2 pair of boots
Stlth    ..........             u - amulet of guardian spirit
HPRegen  0.00/turn              p - +6 ring of strength
MPRegen  0.18/turn              O - +5 ring of slaying

@: very slightly contaminated, rotting
A: rotting body, claws 1, carnivore, cold resistance 1, negative energy
resistance 3, inhibited regeneration, torment resistance, unbreathing
}: 2/15 runes: decaying, serpentine
a: Minor Destruction, Lesser Servant of Makhleb, Major Destruction, Greater
Servant of Makhleb, Renounce Religion


You were on level 5 of the Depths.
You worshipped Makhleb.
Makhleb was exalted by your worship.
You were not hungry.

You visited 7 branches of the dungeon, and saw 41 of its levels.
You also visited: Sewer and Ice Cave.

You collected 6673 gold pieces.
You spent 649 gold pieces at shops.

Inventory:

Missiles
 c - 8 throwing nets (quivered)
Armour
 l - a +1 chain mail of magic resistance
 w - a +0 chain mail of cold resistance
 z - a +0 chain mail of fire resistance (worn)
 D - the +8 large shield "Xyomix" {rN+ Slay+3}
   (You acquired it on level 3 of the Swamp)

   It affects your accuracy and damage with ranged weapons and melee attacks
   (+3).
   It protects you from negative energy.
 K - a +2 pair of boots (worn)
 Q - the +0 shield of Uskayaw's Condemnation (worn) {Str+3 Dex+3}
   (You found it on level 6 of the Lair of Beasts)

   It affects your strength (+3).
   It affects your dexterity (+3).
 R - a +2 helmet of intelligence (worn)
 U - a +0 hat of see invisible
 X - the +1 cloak of Shadows and Fog (worn) {MR+}
   (You found it on level 1 of the Vaults)

   It affects your resistance to hostile enchantments.
Jewellery
 o - an uncursed ring of protection from magic
 p - a +6 ring of strength (left claw)
 u - an amulet of guardian spirit (around neck)
 G - a +5 ring of protection
 I - an uncursed ring of see invisible
 L - a +3 amulet of reflection
 O - a +5 ring of slaying (right claw)
 T - an uncursed ring of fire
 Y - an uncursed ring of ice
Wands
 b - a wand of iceblast (34)
 i - a wand of paralysis (45)
 j - a wand of disintegration (18)
 m - a wand of enslavement (27)
 y - a wand of flame (29)
 E - a wand of scattershot (19)
 N - a wand of acid (20)
 S - a wand of digging (2)
Scrolls
 a - 2 scrolls of magic mapping
 h - 27 scrolls of remove curse
 n - 5 scrolls of fog
 q - 2 scrolls of teleportation
 v - a scroll of identify
 x - 7 scrolls of immolation
 H - 3 scrolls of enchant armour
 M - 2 scrolls of torment
 P - a scroll of fear
 Z - a scroll of silence
Potions
 g - 3 potions of brilliance
 k - 5 potions of might
 r - 5 potions of ambrosia
 s - 3 potions of flight
 t - 3 potions of resistance
 A - 4 potions of haste
 B - 17 potions of curing
 C - 2 potions of invisibility
 J - 3 potions of agility
Miscellaneous
 f - 3 boxes of beasts
 V - 5 phantom mirrors
Comestibles
 d - 81 rations


   Skills:
 - Level 18.0 Fighting
 - Level 1.7 Throwing
 - Level 16.5 Armour
 - Level 7.5 Dodging
 * Level 22.3 Shields
 + Level 22.3 Unarmed Combat


You had 23 spell levels left.
You didn't know any spells.
Your spell library contained the following spells:

 Spells                   Type           Power        Failure   Level  Hunger
 Animate Skeleton         Necr           N/A          77%         1    ##.....
 Apportation              Tloc           #.....       77%         1    ##.....
 Confusing Touch          Hex            #.....       77%         1    ##.....
 Corona                   Hex            #......      77%         1    ##.....
 Flame Tongue             Conj/Fire      #....        77%         1    ##.....
 Infusion                 Chrm           #...         77%         1    ##.....
 Magic Dart               Conj           #...         77%         1    ##.....
 Sandblast                Erth           #.....       77%         1    ##.....
 Summon Small Mammal      Summ           #...         77%         1    ##.....
 Blink                    Tloc           N/A          88%         2    ###....
 Call Imp                 Summ           #.......     88%         2    ###....
 Passwall                 Tmut/Erth      #.......     88%         2    ###....
 Searing Ray              Conj           #.....       88%         2    ###....
 Shroud of Golubria       Chrm/Tloc      #.........   88%         2    ###....
 Slow                     Hex            #.......     88%         2    ###....
 Song of Slaying          Chrm           #.......     88%         2    ###....
 Sticks to Snakes         Tmut           #.......     88%         2    ###....
 Throw Flame              Conj/Fire      #.....       88%         2    ###....
 Call Canine Familiar     Summ           #.......     98%         3    ####...
 Confuse                  Hex            #.......     98%         3    ####...
 Conjure Flame            Conj/Fire      #.......     98%         3    ####...
 Dazzling Spray           Conj/Hex       #.....       98%         3    ####...
 Gell's Gravitas          Tloc           #.........   98%         3    ####...
 Ignite Poison            Fire/Tmut/Pois #.......     98%         3    ####...
 Inner Flame              Hex/Fire       #.......     98%         3    ####...
 Lesser Beckoning         Tloc           #.........   98%         3    ####...
 Mephitic Cloud           Conj/Pois/Air  #.......     98%         3    ####...
 Portal Projectile        Hex/Tloc       #.....       98%         3    ####...
 Recall                   Summ/Tloc      N/A          98%         3    ####...
 Regeneration             Chrm/Necr      #.........   98%         3    ####...
 Spectral Weapon          Hex/Chrm       #.......     98%         3    ####...
 Stone Arrow              Conj/Erth      #.....       98%         3    ####...
 Summon Guardian Golem    Hex/Summ       #.......     98%         3    ####...
 Teleport Other           Tloc           #.......     98%         3    ####...
 Animate Dead             Necr           N/A          100%        4    #####..
 Cause Fear               Hex            #.........   100%        4    #####..
 Force Lance              Conj/Tloc      #.......     100%        4    #####..
 Fulminant Prism          Conj/Hex       #.........   100%        4    #####..
 Iskenderun's Mystic Bla  Conj           #.......     100%        4    #####..
 Leda's Liquefaction      Hex/Erth       #.........   100%        4    #####..
 Passage of Golubria      Tloc           N/A          100%        4    #####..
 Petrify                  Tmut/Erth      #.......     100%        4    #####..
 Sticky Flame             Conj/Fire      #.......     100%        4    #####..
 Summon Ice Beast         Ice/Summ       #.......     100%        4    #####..
 Summon Lightning Spire   Summ/Air       #.......     100%        4    #####..
 Alistair's Intoxication  Tmut/Pois      #.......     100%        5    ######.
 Bolt of Magma            Conj/Fire/Erth #.........   100%        5    ######.
 Borgnjor's Vile Clutch   Necr/Erth      #.........   100%        5    ######.
 Fireball                 Conj/Fire      #.........   100%        5    ######.
 Irradiate                Conj/Tmut      #.........   100%        5    ######.
 Iskenderun's Battlesphe  Conj/Chrm      #.......     100%        5    ######.
 Lee's Rapid Deconstruct  Erth           #.........   100%        5    ######.
 Metabolic Englaciation   Hex/Ice        #.........   100%        5    ######.
 Venom Bolt               Conj/Pois      #.........   100%        5    ######.
 Yara's Violent Unravell  Hex/Tmut       #.........   100%        5    ######.
 Bolt of Fire             Conj/Fire      #.........   100%        6    #######
 Death Channel            Necr           #.........   100%        6    #######
 Iron Shot                Conj/Erth      #.........   100%        6    #######
 Simulacrum               Ice/Necr       #.........   100%        6    #######
 Orb of Destruction       Conj           #.........   100%        7    #######
 Spellforged Servitor     Conj/Summ      #.........   100%        7    #######
 Dragon's Call            Summ           #.........   100%        9    #######
 Shatter                  Erth           #.........   100%        9    #######
 Beastly Appendage        Tmut           Unusable     N/A         1    N/A
 Sublimation of Blood     Necr           Unusable     N/A         2    N/A
 Spider Form              Tmut/Pois      Unusable     N/A         3    N/A
 Ice Form                 Ice/Tmut       Unusable     N/A         4    N/A
 Blade Hands              Tmut           Unusable     N/A         5    N/A
 Hydra Form               Tmut           Unusable     N/A         6    N/A
 Statue Form              Tmut/Erth      Unusable     N/A         6    N/A
 Dragon Form              Tmut           Unusable     N/A         7    N/A

Dungeon Overview and Level Annotations

Branches:
Dungeon (15/15)            Temple (0/1) D:7            Lair (6/6) D:8
  Swamp (4/4) Lair:2        Snake (4/4) Lair:3        Slime (0/5) Lair:6
    Orc (2/2) D:11            Elf (0/3) Orc:2        Vaults (5/5) D:14
  Crypt (0/3) Vaults:3     Depths (5/5) D:15            Zot (0/5) Depths:5

Altars:
Cheibriados
Fedhas
Hepliaklqana
Kikubaaqudgha
Makhleb
Qazlal
Ru
Sif Muna
Trog
Uskayaw
Vehumet
Wu Jian
Yredelemnul
Beogh

Shops:
D:12 !   D:13 *[%   Orc:2 %([=   Vaults:2 *   Depths:3 %

Portals:
Hell: Depths:1 Depths:2 Depths:4 Depths:5
Abyss: Depths:4 Depths:5
Pandemonium: Depths:3 Depths:4 Depths:5
Ziggurat: Depths:5
Trove: D:10 (give 12 potions of heal wounds)

Annotations:
Lair:4 exclusion: oklob plant
Vaults:5 Sojobo
Depths:3 3 runed translucent doors, exclusions: hellion and orange crystal statue


Innate Abilities, Weirdness & Mutations

Your body is rotting away.
You thrive on raw meat.
You are immune to poison.
You have sharp fingernails.
You are carnivorous and can eat meat at any time.
Your flesh is cold resistant. (rC+)
You are immune to negative energy. (rN+++)
You do not regenerate when monsters are visible.
You are immune to unholy pain and torment.
You can survive without breathing.


Message History

The rakshasa weaves an illusion.
Unknown command.
You feel much better.
The red draconian annihilator gestures at you while chanting.
The bolt of lightning misses you. The bolt of lightning hits you!!
* * * LOW HITPOINT WARNING * * *
Unknown command.
Okay, then.
Unknown command.
Evoke which item? (* to show all) (? for menu, Esc to quit)
You open the lid... ...and a larval weirdox beast leaps out!
The red draconian annihilator points at you and mumbles some strange words.
The bolt of lightning hits your larval weirdox beast!!!
Your larval weirdox beast dies!
Your larval weirdox beast's corpse disappears in a puff of smoke!
The bolt of lightning misses you.
The red draconian annihilator casts a spell at you.
The bolt of lightning hits you!!
You die...

#.##...##.#
##..##.##..#####...
.#.......#
##....##### ##...#
##...$...##. ##...#
##^.... .....$)....#
##..# ##......
...((.$?...# ##)#
##.......
.§..%!.....# ##..#
#..).)...
#..(.$...##. ##...#
######### ..(...q..#
##....# ..HC...##.#
##@##..# D..#...#. ?.
##.§....# .....##Y.#
.##.#.....#
.....#...#
##.......##
..###.###c##q..q....#
...c.#.. ##.........#
H#...#..##2#q......##
.h##.# ##........###
.R.#####R#.......#


You could see 3 draconians and a green death.

Vanquished Creatures
  2 juggernauts
  Margery (Vaults:3)
  Xtahua (Vaults:3)
  Vashnia (Snake:2)
  3 caustic shrikes
  Nikola (Swamp:3)
  6 tentacled monstrosities
  Rupert (Orc:2)
  A deep elf blademaster (Depths:5)
  Asterion (Vaults:2)
  2 liches
  Gastronok (Orc:1)
  5 sphinxes
  A storm dragon (Depths:2)
  Kirke (Swamp:3)
  3 thorn hunters
  3 tengu reavers (Depths:3)
  A shadow dragon (Depths:2)
  A draconian monk (Depths:5)
  Roxanne (Depths:1)
  A revenant (Vaults:3)
  7 nagarajas (Snake:4)
  11 fire giants
  A deep elf sorcerer (Depths:5)
  8 frost giants
  8 vault wardens
  2 iron dragons
  Louise (Snake:3)
  A spriggan defender (Depths:2)
  A deep elf elementalist (Depths:2)
  2 caustic shrike skeletons (Depths:5)
  9 stone giants
  3 entropy weavers (Depths:5)
  A draconian annihilator (Depths:5)
  A reaper (IceCv)
  7 very ugly things
  A war gargoyle (Vaults:4)
  10 ironheart preservers
  4 vampire knights
  A deep elf demonologist (Depths:2)
  2 deep elf annihilators
  10 spark wasps
  A deep elf death mage (Vaults:1)
  4 ettins
  8 fire dragons
  A deep elf high priest (Depths:4)
  11 yaktaur captains
  11 naga warriors
  10 ice dragons
  Harold (Lair:2)
  A quicksilver dragon skeleton (Depths:2)
  4 great orbs of eyes
  3 rakshasas
  20 hydras
  A hell beast (Depths:4)
  4 spriggan air magi
  17 vault guards
  6 anacondas
  7 shambling mangroves
  17 centaur warriors
  A death knight (Vaults:3)
  A hell hog (Depths:4)
  51 two-headed ogres
  18 ogre magi
  11 deep troll earth magi
  15 alligators
  11 deep troll shamans
  A queen ant (D:9)
  11 naga sharpshooters
  5 tengu warriors
  5 vampire magi
  A dancing weapon (Vaults:3)
  7 spriggan berserkers
  5 shock serpents
  Sonja (Lair:6)
  Nergalle (Lair:2)
  3 deep elf knights
  5 salamander mystics
  2 iron trolls
  9 sea snakes (Snake:3)
  8 skeletal warriors
  A sun demon (Depths:4)
  13 hell knights
  2 spark wasp zombies (Depths:5)
  32 deep trolls
  3 unseen horrors
  A flayed ghost (Depths:3)
  3 glowing orange brains
  7 wizards
  12 swamp dragons
  5 naga ritualists
  9 harpies
  6 deep elf archers
  2 lindwurms (Swamp:4)
  A golden dragon skeleton (Depths:2)
  Pikel (D:4)
  5 mana vipers
  4 ironbrand convokers
  9 necromancers
  5 deep elf magi
  10 orc knights
  39 ugly things
  A mana viper (shapeshifter) (D:15)
  A frost giant zombie (Depths:2)
  7 orc sorcerers
  6 wolf spiders
  8 cyclopes
  A salamander (shapeshifter) (D:15)
  2 ice statues (IceCv)
  25 salamanders
  27 black mambas
  A frost giant skeleton (Depths:2)
  12 elephants
  15 naga magi
  14 vault sentinels
  Joseph (D:7)
  A torpor snail (shapeshifter) (Depths:5)
  A guardian serpent (Snake:4)
  Psyche (D:9)
  A spiny frog (shapeshifter) (D:15)
  An orange demon (Depths:4)
  30 spiny frogs
  Maurice (Orc:1)
  A centaur skeleton (D:14)
  4 gargoyles
  5 komodo dragons
  5 rime drakes
  A human zombie (Vaults:1)
  A spriggan zombie (Depths:2)
  5 freezing wraiths
  A komodo dragon (shapeshifter) (Depths:3)
  41 yaktaurs
  8 ice devils (IceCv)
  2 hellwings
  13 trolls
  A tengu conjurer (Depths:2)
  A human skeleton (Vaults:1)
  A tengu simulacrum (Vaults:3)
  2 jumping spiders (shapeshifter)
  24 hornets
  3 polar bears
  A merfolk (shapeshifter) (Depths:5)
  Grinder (D:5)
  A shadow dragon simulacrum (Vaults:3)
  9 bog bodies
  29 slime creatures
  11 tyrant leeches
  A hornet (shapeshifter) (Vaults:1)
  32 blink frogs
  14 hippogriffs
  9 dream sheep
  A raiju (shapeshifter) (Depths:2)
  2 spriggan skeletons (Depths:2)
  A wraith (Vaults:3)
  A tarantella (shapeshifter) (Depths:5)
  A spriggan (shapeshifter) (Vaults:3)
  11 spriggans
  A hog (shapeshifter) (Vaults:2)
  2 wyverns (D:15)
  51 yaks
  A vampire (D:12)
  5 shadows
  3 hungry ghosts
  7 hogs (Swamp:3)
  A golden eye (shapeshifter) (Vaults:2)
  A yaktaur simulacrum (Vaults:3)
  5 basilisks
  14 vampire mosquitoes
  A human (shapeshifter) (D:10)
  6 wargs
  19 insubstantial wisps
  A warg (shapeshifter) (Vaults:1)
  13 swamp worms
  46 nagas
  A soldier ant (shapeshifter) (Depths:1)
  5 soldier ants
  An acid dragon (D:12)
  8 hell hounds (Depths:4)
  10 water moccasins
  Duvessa (D:4)
  11 porcupines
  An ogre skeleton (Vaults:1)
  A sky beast (shapeshifter) (Depths:4)
  2 porcupines (shapeshifter) (D:15)
  A hornet zombie (D:15)
  12 swamp drakes
  An eye of draining (shapeshifter) (Depths:5)
  A phantom (D:14)
  3 black bears
  31 orc warriors
  4 slaves
  5 necrophages
  5 ice beasts
  2 sky beasts
  65 ogres
  6 boggarts
  48 centaurs
  8 wolves
  4 big kobolds
  11 crocodiles
  28 bullfrogs
  An ogre simulacrum (Vaults:1)
  Dowan (D:4)
  A glowing shapeshifter simulacrum (Vaults:1)
  7 scorpions
  A wyvern skeleton (D:14)
  A water moccasin skeleton (D:7)
  4 killer bees (D:11)
  4 howler monkeys
  8 wights
  4 electric eels
  5 centaur zombies
  A lava snake (Orc:2)
  2 bullfrog zombies
  14 crimson imps
  A quasit (D:6)
  8 hounds
  6 jellies
  13 orc priests
  An iron imp (D:9)
  12 orc wizards
  3 bullfrog skeletons
  Crazy Yiuf (D:3)
  Jessica (D:3)
  5 iguanas
  Terence (D:3)
  Ijyb (D:3)
  Natasha (thrice) (D:3)
  33 worker ants
  2 hound skeletons
  A mummy (D:8)
  A howler monkey zombie (D:8)
  A worker ant zombie (D:11)
  18 gnolls
  17 adders
  A howler monkey skeleton (D:5)
  3 shadow imps
  8 white imps (IceCv)
  8 ufetubi (IceCv)
  15 oozes
  An adder zombie (D:8)
  2 worms
  2 dart slugs (D:2)
  19 leopard geckos
  105 orcs
  11 giant cockroaches
  9 goblins
  9 hobgoblins
  7 jackals (D:3)
  18 kobolds
  5 quokkas
  13 ball pythons
  4 bats
  14 frilled lizards
  3 jackal skeletons
  A jackal zombie (D:8)
  A quokka skeleton (D:5)
  7 rats
1901 creatures vanquished.

Vanquished Creatures (others)
  A fire giant (Depths:4)
  A hell knight (Vaults:3)
  A lindwurm (Swamp:4)
  A necromancer (Vaults:3)
  A warg (Vaults:4)
  An ogre (Depths:2)
  An orc wizard (D:4)
  3 white imps (IceCv)
  2 ufetubi (IceCv)
  14 fungi
  44 plants
  16 toadstools
86 creatures vanquished.

Grand Total: 1987 creatures vanquished

Notes
Turn   | Place    | Note
-------+----------+-------------------------------------------
     0 | D:1      | kirsanium the Ghoul Gladiator began the quest for the Orb.
     0 | D:1      | Reached XP level 1. HP: 17/17 MP: 0/0
   202 | D:1      | Reached XP level 2. HP: 23/25 MP: 1/1
   654 | D:2      | Reached XP level 3. HP: 30/30 MP: 2/2
   732 | D:2      | Found a basalt altar of Yredelemnul.
   888 | D:2      | Reached skill level 1 in Armour
  1048 | D:2      | Reached XP level 4. HP: 38/38 MP: 3/3
  1792 | D:3      | Noticed Ijyb
  1827 | D:3      | Noticed Jessica
  1840 | D:3      | Killed Ijyb
  1840 | D:3      | Reached XP level 5. HP: 26/45 MP: 4/4
  1842 | D:3      | Killed Jessica
  1939 | D:3      | Found a glowing drain.
  2051 | Sewer    | Entered a sewer
  2349 | Sewer    | Reached XP level 6. HP: 47/52 MP: 5/5
  2677 | Sewer    | Reached skill level 5 in Unarmed Combat
  2689 | Sewer    | Reached XP level 7. HP: 33/60 MP: 6/6
  2939 | D:3      | Noticed Natasha
  2954 | D:3      | Killed Natasha
  3021 | D:3      | Noticed Natasha
  3031 | D:3      | Killed Natasha
  3051 | D:3      | Found a hazy altar of Hepliaklqana.
  3142 | D:3      | Noticed Terence
  3156 | D:3      | Killed Terence
  3169 | D:3      | Noticed Natasha
  3184 | D:3      | Killed Natasha
  3412 | D:3      | Found a runed translucent door.
  3413 | D:3      | Noticed Crazy Yiuf
  3424 | D:3      | Killed Crazy Yiuf
  4040 | D:4      | Reached skill level 5 in Fighting
  4247 | D:4      | Noticed Duvessa
  4248 | D:4      | Noticed Dowan
  4260 | D:4      | Killed Duvessa
  4260 | D:4      | Reached XP level 8. HP: 40/68 MP: 7/7
  4299 | D:4      | Killed Dowan
  4299 | D:4      | Reached skill level 5 in Dodging
  5115 | D:5      | Entered Level 5 of the Dungeon
  5202 | D:5      | Noticed Pikel
  5440 | D:4      | Killed Pikel
  5440 | D:4      | Reached XP level 9. HP: 71/78 MP: 8/8
  5585 | D:5      | Noticed Grinder
  5592 | D:5      | Paralysed by Grinder for 7 turns
  5602 | D:5      | Killed Grinder
  5602 | D:5      | Reached skill level 5 in Armour
  6537 | D:6      | Found a hide-covered altar of Uskayaw.
  6585 | D:6      | Found a radiant altar of Vehumet.
  6586 | D:6      | Found a burning altar of Makhleb.
  6593 | D:6      | Became a worshipper of Makhleb the Destroyer
  7089 | D:7      | Noticed Joseph
  7180 | D:7      | Found a staircase to the Ecumenical Temple.
  7230 | D:7      | Reached XP level 10. HP: 57/88 MP: 5/9
  7339 | D:7      | Found an ancient bone altar of Kikubaaqudgha.
  7577 | D:8      | Reached * piety under Makhleb
  7886 | D:8      | Found a staircase to the Lair.
  8451 | D:7      | Found a bloodstained altar of Trog.
  8463 | D:7      | Found a deep blue altar of Sif Muna.
  8541 | D:7      | Killed Joseph
  8541 | D:7      | Reached skill level 1 in Shields
  9122 | D:8      | Found a sacrificial altar of Ru.
 10123 | D:9      | Reached ** piety under Makhleb
 10232 | D:9      | Found a snail-covered altar of Cheibriados.
 10245 | D:9      | Reached XP level 11. HP: 86/96 MP: 8/10
 10305 | D:9      | Noticed Psyche
 10402 | D:9      | Killed Psyche
 10784 | D:10     | Entered Level 10 of the Dungeon
 10990 | D:10     | Found a portal to a secret trove of treasure.
 11199 | D:10     | Noticed a queen ant
 11205 | D:9      | Killed a queen ant
 11216 | D:9      | Reached *** piety under Makhleb
 11336 | D:10     | Reached skill level 10 in Unarmed Combat
 11341 | D:10     | Reached skill level 5 in Shields
 11792 | D:10     | Reached **** piety under Makhleb
 11905 | D:10     | Found a roughly hewn altar of Beogh.
 12108 | Lair:1   | Entered Level 1 of the Lair of Beasts
 12188 | Lair:1   | Reached skill level 10 in Fighting
 12201 | Lair:1   | You fall through a shaft!
 12201 | Lair:2   | Found a staircase to the Swamp.
 12385 | Lair:1   | Reached XP level 12. HP: 106/106 MP: 9/11
 13300 | Lair:2   | Noticed Harold
 13316 | Lair:2   | Killed Harold
 13369 | Lair:2   | Reached ***** piety under Makhleb
 13593 | Lair:2   | Noticed Nergalle
 13610 | Lair:2   | Killed Nergalle
 14692 | Lair:3   | Reached XP level 13. HP: 84/116 MP: 6/12
 14931 | Lair:3   | Found a staircase to the Snake Pit.
 15465 | Lair:4   | Found a blossoming altar of Fedhas.
 15654 | Lair:4   | Found an ornate altar of the Wu Jian Council.
 16652 | Lair:5   | Reached skill level 10 in Shields
 17224 | Lair:5   | Reached skill level 10 in Armour
 17497 | Lair:6   | Entered Level 6 of the Lair of Beasts
 17608 | Lair:6   | Noticed Sonja
 17617 | Lair:6   | Killed Sonja
 17847 | Lair:6   | Reached XP level 14. HP: 121/126 MP: 10/13
 17856 | Lair:6   | Found a staircase to the Slime Pits.
 17879 | Lair:6   | Reached ****** piety under Makhleb
 18040 | Lair:6   | Got a dazzling shield
 18087 | Lair:5   | Identified the cursed +0 shield of Uskayaw's Condemnation
                  | {Str+3 Dex+3} (You found it on level 6 of the Lair of
                  | Beasts)
 20043 | D:11     | Found a staircase to the Orcish Mines.
 20902 | D:12     | Found Yssick's Distillery.
 20969 | D:12     | Bought 2 potions of agility for 112 gold pieces
 20969 | D:12     | Bought a potion of heal wounds for 70 gold pieces
 20969 | D:12     | Bought a potion of curing for 42 gold pieces
 20969 | D:12     | Bought a potion of degeneration for 14 gold pieces
 21350 | D:13     | Reached XP level 15. HP: 136/136 MP: 12/14
 21376 | D:13     | Found Lointiph's Food Shoppe.
 21381 | D:13     | Found Ruavyze's Antique Armour Shop.
 21493 | D:13     | Found Goidd's Assorted Antiques.
 21507 | D:13     | Bought a scroll labeled HODEDA DYLOEMM for 37 gold pieces
 22244 | D:14     | Found a gate to the Vaults.
 23381 | D:15     | Entered Level 15 of the Dungeon
 23930 | D:15     | Found a staircase to the Depths.
 24514 | Orc:1    | Entered Level 1 of the Orcish Mines
 24552 | Orc:1    | Found a frozen archway.
 24616 | IceCv    | Entered an ice cave
 24739 | IceCv    | Reached XP level 16. HP: 145/145 MP: 15/15
 24906 | IceCv    | Found the +8 demon blade "Bloodbane" {slice, *Rage +Rage
                  | Stlth-}
 25372 | Orc:1    | Noticed Gastronok
 25400 | Orc:1    | Killed Gastronok
 25560 | Orc:2    | Entered Level 2 of the Orcish Mines
 25561 | Orc:2    | Found a staircase to the Elven Halls.
 25726 | Orc:2    | Noticed Rupert
 25727 | Orc:2    | Found a roughly hewn altar of Beogh.
 25733 | Orc:2    | Paralysed by Rupert for 6 turns
 26124 | Orc:2    | Noticed Maurice
 26190 | Orc:1    | Killed Maurice
 26917 | Orc:2    | Killed Rupert
 27058 | Orc:2    | Found a roughly hewn altar of Beogh.
 27124 | Orc:2    | Found Kadwel's Weapon Emporium.
 27124 | Orc:2    | Found Amyhist's Jewellery Shop.
 27124 | Orc:2    | Found Oveups's Food Boutique.
 27124 | Orc:2    | Found Leminlea's Antique Armour Emporium.
 27142 | Orc:2    | Bought a pair of glowing boots for 165 gold pieces
 27142 | Orc:2    | Bought a fine chain mail for 209 gold pieces
 27642 | Swamp:1  | Entered Level 1 of the Swamp
 27705 | Swamp:1  | Reached skill level 15 in Unarmed Combat
 27828 | Swamp:1  | Identified the +5 chain mail "Raipliba" {+Blink} (You
                  | bought it in a shop on level 2 of the Orcish Mines)
 28016 | Swamp:1  | Reached XP level 17. HP: 85/154 MP: 4/16
 28391 | Swamp:1  | Reached skill level 15 in Shields
 28424 | Swamp:1  | Reached skill level 15 in Fighting
 29784 | Swamp:3  | Noticed Kirke
 29846 | Swamp:3  | Killed Kirke
 29891 | Swamp:3  | Noticed Nikola
 29920 | Swamp:3  | Killed Nikola
 30561 | Swamp:3  | Identified a scroll of acquirement
 30565 | Swamp:3  | Got an encrusted large shield
 31082 | Swamp:4  | Entered Level 4 of the Swamp
 31941 | Swamp:4  | Reached XP level 18. HP: 136/166 MP: 11/17
 32354 | Swamp:4  | Got a decaying rune of Zot
 32402 | Swamp:4  | Identified the +8 large shield "Xyomix" {rN+ Slay+3} (You
                  | acquired it on level 3 of the Swamp)
 32698 | Snake:1  | Entered Level 1 of the Snake Pit
 33819 | Snake:2  | Noticed Vashnia
 33869 | Snake:2  | Killed Vashnia
 34612 | Snake:2  | Reached skill level 15 in Armour
 35301 | Snake:3  | Noticed Louise
 35314 | Snake:3  | Killed Louise
 36645 | Snake:4  | Entered Level 4 of the Snake Pit
 36779 | Snake:4  | Found a stormy altar of Qazlal.
 36854 | Snake:4  | Reached XP level 19. HP: 148/176 MP: 14/18
 37812 | Snake:4  | Got a serpentine rune of Zot
 38141 | Vaults:1 | Entered Level 1 of the Vaults
 38765 | Vaults:1 | Got a faintly glowing cloak
 38766 | Vaults:1 | Identified the +1 cloak of Shadows and Fog {MR+} (You found
                  | it on level 1 of the Vaults)
 39198 | Vaults:1 | Reached XP level 20. HP: 152/187 MP: 14/19
 39891 | Vaults:2 | Found Civ Qeumugy's Assorted Antiques.
 40116 | Vaults:2 | Noticed Asterion
 40136 | Vaults:2 | Killed Asterion
 40520 | Vaults:2 | Found a blossoming altar of Fedhas.
 40981 | Vaults:3 | Noticed Xtahua
 41002 | Vaults:3 | Killed Xtahua
 41302 | Vaults:3 | Noticed Margery
 41925 | Vaults:3 | Killed Margery
 42324 | Vaults:3 | Found a staircase to the Crypt.
 42564 | Vaults:3 | Reached XP level 21. HP: 181/194 MP: 17/20
 44171 | Vaults:5 | Entered Level 5 of the Vaults
 44171 | Vaults:5 | Noticed Sojobo
 44659 | Depths:1 | Entered Level 1 of the Depths
 44659 | Depths:1 | Noticed Roxanne
 44754 | Depths:1 | Killed Roxanne
 44965 | Depths:1 | Found a gateway to Hell.
 46174 | Depths:2 | Reached XP level 22. HP: 202/202 MP: 21/21
 46721 | Depths:2 | HP: 8/202 [blizzard demon/bolt of lightning[a deep elf
                  | demonologist] (32)]
 47229 | Depths:2 | Noticed a juggernaut
 47237 | Depths:2 | Killed a juggernaut
 48247 | Depths:3 | Found a one-way gate leading to the halls of Pandemonium.
 48254 | Depths:3 | Found Voddeutu's Food Shoppe.
 48943 | Depths:5 | Entered Level 5 of the Depths
 49576 | Depths:4 | Reached XP level 23. HP: 209/209 MP: 19/22
 49741 | Depths:3 | Found a runed translucent door.
 49741 | Depths:3 | Noticed a caustic shrike
 49755 | Depths:3 | Killed a caustic shrike
 49808 | Depths:3 | Found a runed translucent door.
 49823 | Depths:3 | Found a runed translucent door.
 49825 | Depths:3 | Found a runed translucent door.
 49828 | Depths:3 | Found the +2 ratskin cloak {+Rats rPois rN+ Str-1 Int-1
                  | Dex+1}
 49828 | Depths:3 | Found the +10 morningstar "Eos" {elec, Halo rElec}
 50123 | Depths:4 | Noticed a caustic shrike
 50137 | Depths:4 | Killed a caustic shrike
 50757 | Depths:4 | Found a one-way gate to the infinite horrors of the Abyss.
 51446 | Depths:5 | Noticed a juggernaut
 51463 | Depths:5 | Killed a juggernaut
 51901 | Depths:5 | Found a gateway to a ziggurat.
 51927 | Depths:5 | Noticed a caustic shrike
 51935 | Depths:5 | Killed a caustic shrike
 52224 | Depths:5 | Found a gate to the Realm of Zot.
 52488 | Depths:5 | Reached XP level 24. HP: 216/216 MP: 21/22
 53246 | Depths:5 | Killed from afar by a red draconian annihilator
                  | (illusionary)

Skill      XL: |  1  2  3  4  5  6  7  8  9 10 11 12 13 14 15 16 17 18 19 20 21 22 23 |
---------------+----------------------------------------------------------------------+-----
Dodging        | 3 4 5 6 7 |  7.5
Armour         | 1 2 3 4 6 7 8 9 10 11 12 14 15 16 | 16.5
Fighting       | 3 4 5 6 7 9 10 11 12 13 14 16 17 18 | 18.0
Unarmed Combat | 4 5 6 8 9 10 11 12 13 14 15 16 17 18 19 20 21 22 | 22.3
Shields        | 3 6 8 10 12 13 14 15 17 19 20 22 | 22.3
Throwing       | |  1.7

Action                   |  1- 3 |  4- 6 |  7- 9 | 10-12 | 13-15 | 16-18 | 19-21 | 22-24 || total
-------------------------+-------+-------+-------+-------+-------+-------+-------+-------++-------
Melee: Unarmed           |   101 |   290 |   426 |   941 |  1341 |  1668 |  1676 |  1229 ||  7672
       Punch             |     2 |     3 |    13 |    37 |       |       |       |       ||    55
Evoke: Wand              |       |       |       |       |     2 |       |       |       ||     2
       Box of beasts     |       |       |       |       |       |       |       |     2 ||     2
  Use: Scroll            |       |       |     3 |     2 |    22 |    15 |     6 |     9 ||    57
       Potion            |       |       |       |       |       |     6 |       |     5 ||    11
 Stab: Paralysed         |       |       |       |       |     2 |       |       |       ||     2
       Distracted        |       |       |       |       |       |       |       |     1 ||     1
  Eat: Chunk             |     2 |     7 |    12 |    26 |    40 |    36 |    31 |    23 ||   177
       Ration            |       |       |       |       |     1 |     1 |     1 |       ||     3
Armor: Leather armour    |    19 |       |       |       |       |       |       |       ||    19
       Ring mail         |       |   129 |    54 |       |       |       |       |       ||   183
       Chain mail        |       |       |    86 |   340 |   451 |   583 |   502 |   377 ||  2339
Dodge: Dodged            |    58 |   254 |   204 |   583 |   525 |   622 |   589 |   371 ||  3206
Block: Buckler           |       |       |       |    25 |   143 |       |       |       ||   168
       Shield            |       |       |       |       |   563 |  1039 |  1179 |   798 ||  3579
